 Dungeon Crawl Stone Soup version 0.30.0-30-g96aa6591b8 (webtiles) character file.

Game seed: 18282891956175307585

44 croobank the Sneak (level 3, -3/22 HPs)
             Began as an Octopode Fire Elementalist on June 27, 2023.
             Slain by an orc priest
             ... wielding a +0 whip
              (7 damage)
             ... on level 3 of the Dungeon.
             The game lasted 00:03:50 (1427 turns).

croobank the Sneak (Octopode Fire Elementalist)     Turns: 1427, Time: 00:03:50

Health: -3/22      AC:  1    Str:  7    XL:     3   Next: 62%
Magic:  0/6        EV: 13    Int: 19    God:
Gold:   82         SH:  0    Dex: 12    Spells: 3/6 levels left

rFire   . . .        i - +0 dagger (pain)
rCold   . . .        (no shield)
rNeg    . . .        (helmet restricted)
rPois   .            (no amulet)
rElec   .            (no ring)
rCorr   .            (no ring)
SInv    .            (no ring)
Will    .....        (no ring)
Stlth   +++          (no ring)
HPRegen 0.23/turn    (no ring)
MPRegen 0.10/turn    (no ring)
                     (no ring)

%: no passive effects
@: no status effects
A: almost no armour, amphibious, 8 rings, camouflage 1, gelatinous body 1,
(nimble swimmer 1), tentacles
a: no special abilities


You were on level 3 of the Dungeon.
You visited 1 branch of the dungeon, and saw 3 of its levels.

You collected 82 gold pieces.

Inventory:

Hand Weapons
 f - a +0 short sword
 i - a +0 dagger of pain (weapon)
Missiles
 k - 5 poisoned darts
Scrolls
 e - 2 scrolls of poison {unknown}
 h - 2 scrolls of torment {unknown}
 j - a scroll of teleportation {unknown}
 l - 2 scrolls of identify {unknown}
Potions
 b - 3 potions of curing {unknown}
 c - a potion of lignification {unknown}
 d - a potion of degeneration {unknown}
 g - a potion of mutation {unknown}


   Skills:
 + Level 0.8 Fighting
 + Level 2.3 Dodging
 + Level 3.4 Stealth
 + Level 2.3 Spellcasting
 + Level 1.6 Conjurations
 + Level 3.2 Fire Magic


You had 3 spell levels left.
You knew the following spells:

 Your Spells              Type           Power      Damage    Failure   Level
a - Foxfire               Conj/Fire      44%        2x1d6     6%          1
b - Scorch                Fire           28%        2d6       7%          2

Your spell library contained the following spells:

 Spells                   Type           Power      Damage    Failure   Level
 Necrotise                Necr           8%         1d4       17%         1
 Inner Flame              Hex/Fire       8%         N/A       26%         3
 Volatile Blastmotes      Fire/Tloc      16%        2d11      26%         3
 Frozen Ramparts          Ice            4%         1d1       45%         3
 Flame Wave               Conj/Fire      11%        2d6       52%         4
 Ice Form                 Ice/Tmut       2%         N/A       86%         4
 Summon Ice Beast         Ice/Summ       2%         N/A       86%         4


Dungeon Overview and Level Annotations

Branches:
Dungeon (3/15)

Altars:

Annotations:
D:2 Jessica


Innate Abilities, Weirdness & Mutations

You cannot wear most types of armour.
You are amphibious.
You can wear up to eight rings at the same time.
Your skin changes colour to match your surroundings (Stealth+).
Your rubbery body absorbs attacks. (AC +1, EV +1)
((You are camouflaged when in or above water. (Stealth+)))
You have tentacles for arms and can constrict up to eight enemies at once.


Message History

Found a club.
The orc closely misses you.
The orc priest casts a cantrip, but nothing happens.
Casting: Foxfire (safe; 6% risk of failure)
Confirm with . or Enter, or press ? or * to list all spells.
You don't know that spell.
You closely miss the orc. Your grab misses the orc.
Your squeeze misses the orc.
The orc is severely wounded.
The orc barely misses you.
The orc priest calls down the wrath of Beogh upon you.
Beogh smites you!
Ouch! That really hurt!
* * * LOW HITPOINT WARNING * * *
Things that are here:
a hobgoblin corpse; a hobgoblin corpse You hit the orc.
You grab the orc. You squeeze the orc.
You kill the orc!
Casting: Foxfire (safe; 6% risk of failure)
Confirm with . or Enter, or press ? or * to list all spells.
Flames lash the orc.
The orc is severely wounded.
The orc's fire resistance burns away.
The orc hits you with a +0 dagger.
* * * LOW HITPOINT WARNING * * *
You hit the orc.
You kill the orc!
Magic courses through your body.
Casting: Scorch (safe; 7% risk of failure)
Confirm with . or Enter, or press ? or * to list all spells.
Flames lash the orc priest but do no damage.
Casting: Scorch (safe; 7% risk of failure)
Confirm with . or Enter, or press ? or * to list all spells.
Flames lash the orc priest.
The orc priest is lightly wounded.
The orc priest's fire resistance burns away.
Casting: Scorch (safe; 7% risk of failure)
Confirm with . or Enter, or press ? or * to list all spells.
Flames lash the orc priest.
The orc priest is burned terribly!
The orc priest is moderately wounded.
The orc priest hits you with a +0 whip!
You die...

.....#.........
.............#
.J.....o..=..# ..#
#.......# #.#
#.....$.# #.## .
#...)...# ##..###
...##.#†##### #.....#
......#.#######.....#
#......)).o@........#
###############.>...#
#.....# #.....#
#######


You could see an orc priest (combustible).

Vanquished Creatures
  3 dart slugs
  2 orcs (D:3)
  A bat (D:1)
  2 endoplasms
  4 goblins
  8 hobgoblins
  3 jackals (D:1)
  2 quokkas (D:1)
  2 frilled lizards (D:1)
  4 kobolds
31 creatures vanquished.

Vanquished Creatures (others)
  24 foxfires
24 creatures vanquished.

Grand Total: 55 creatures vanquished

Notes
Turn   | Place    | Note
-------+----------+-------------------------------------------
     0 | D:1      | croobank the Octopode Fire Elementalist began the quest for
                  | the Orb.
     0 | D:1      | Reached XP level 1. HP: 11/11 MP: 3/3
   117 | D:1      | Found a faded altar of an unknown god.
   127 | D:1      | Got Plato's Papyrus of Bones
   160 | D:1      | Reached XP level 2. HP: 5/17 MP: 3/5
   215 | D:1      | Learned a level 2 spell: Scorch
   904 | D:1      | Reached XP level 3. HP: 22/22 MP: 3/6
  1359 | D:2      | Noticed Jessica
  1367 | D:2      | You fall into a shaft and drop 1 floor!
  1427 | D:3      | Slain by an orc priest

Illustrated notes

Levels and vault maps discovered:
D:1:      mrwooster_arrival_arrow, layout_loops_cross,
          shapermc_ecumenical_altar_rom_forum, st_stairs_7
D:2:      layout_loops_ring, uniq_jessica, uniq_sigmund
D:3:      layout_rooms, mainiacjoe_overflow_tiny_flanked, minmay_cupped

Skill      XL: |  1  2 |
---------------+-------+-----
Stealth        | 3 |  3.4
Fighting       | |  0.8
Dodging        | |  2.3
Spellcasting   | |  2.3
Conjurations   | |  1.6
Fire Magic     | |  3.2

Action                     || total
---------------------------++-------
  Melee: Unarmed           ||    19
         Constrict         ||    11
         Tentacles         ||     9
         Short sword       ||     4
         Dagger            ||    16
   Cast: Foxfire           ||    14
         Scorch            ||    14
    Use: Potion            ||     1
   Stab: Sleeping          ||     6
 Armour: Skin              ||     4
  Dodge: Dodged            ||    26
